 Dungeon Crawl Stone Soup version 0.24.1-14-gf8d2b509d9 (webtiles) character file.

Game seed: 8153485180311728319, levelgen mode: deterministic

56711 marz the Blocker (level 14, -1/108 HPs)
             Began as a Demonspawn Fighter on Oct 17, 2020.
             Was a High Priest of Qazlal.
             Killed by the air
             ... invoked by a wind drake
              (15 damage)
             ... on level 2 of the Shoals.
             The game lasted 03:53:07 (25839 turns).

marz the Blocker (Demonspawn Fighter)              Turns: 25839, Time: 03:53:08

Health: -1/108     AC: 29    Str: 22    XL:     14   Next: 43%
Magic:  0/21       EV: 11    Int: 19    God:    Qazlal [*****.]
Gold:   1757       SH: 25    Dex: 13    Spells: 20/21 levels left

rFire    . . .     SeeInvis .   a - +1 trident (freeze)
rCold    + . .     Gourm    .   c - +1 shield
rNeg     . . .     Faith    .   u - +0 plate armour
rPois    +         Spirit   +   C - +0 helmet
rElec    .         Reflect  +   (no cloak)
rCorr    .         Harm     .   T - +0 pair of gloves
MR       +....     NoCast   +   G - +3 pair of boots of Altruism {-Cast +Fly rC+ Int+10}
Stlth    ..........             D - +4 amulet of reflection
HPRegen  0.28/turn              I - +5 ring of evasion
MPRegen  0.34/turn              n - +4 ring of protection

@: repel missiles
A: talons 1, slimy green scales 3, demonic guardian 1, magic shield, magic
regeneration
a: Upheaval, Elemental Force, Disaster Area, Renounce Religion, Evoke Flight


You were on level 2 of the Shoals.
You worshipped Qazlal.
Qazlal was extremely pleased with you.
You were not hungry.

You visited 6 branches of the dungeon, and saw 25 of its levels.
You also visited: Bailey.

You collected 2311 gold pieces.
You spent 554 gold pieces at shops.

Inventory:

Hand Weapons
 a - a +1 trident of freezing (weapon)
Missiles
 k - 99 boomerangs
 t - 13 silver boomerangs
 w - 12 curare-tipped darts
 F - 55 poisoned darts (quivered)
 J - 3 javelins
 Z - 2 throwing nets
Armour
 c - a +1 shield (worn)
 u - a +0 plate armour (worn)
 C - a +0 helmet (worn)
 G - the +3 pair of boots of Altruism (worn) {-Cast +Fly rC+ Int+10}
   (You found it on level 2 of the Lair of Beasts)

   It affects your intelligence (+10).
   It protects you from cold.
   It lets you fly.
   It prevents spellcasting.
 T - a +0 pair of gloves (worn)
Jewellery
 n - a +4 ring of protection (right hand)
 z - an uncursed ring of ice
 D - a +4 amulet of reflection (around neck)
 H - an uncursed ring of resist corrosion
 I - a +5 ring of evasion (left hand)
 M - the ring "Quoskewa" {rF+ SInv}
   (You bought it in a shop on level 9 of the Dungeon)

   [ring of protection from fire]

   It protects you from fire.
   It lets you see invisible.
Wands
 b - a wand of paralysis (11)
 o - a wand of scattershot (1)
 s - a wand of flame (34)
 N - a wand of digging (5)
 S - a wand of disintegration (27)
 U - a wand of polymorph (18)
 V - a wand of iceblast (10)
 W - a wand of acid (4)
Scrolls
 e - 5 scrolls of enchant armour
 h - 3 scrolls of identify
 i - 3 scrolls of magic mapping
 l - 2 scrolls of fog
 p - a scroll of immolation
 x - a scroll of teleportation
 Q - 6 scrolls of remove curse
 R - 5 scrolls of enchant weapon
 X - 2 scrolls of blinking
Potions
 d - 4 potions of lignification
 g - 6 potions of curing
 j - a potion of cancellation {unknown}
 m - 4 potions of agility
 q - 7 potions of haste
 r - 7 potions of heal wounds
 v - 3 potions of magic
 y - 4 potions of resistance
 A - 5 potions of mutation
 B - a potion of ambrosia {unknown}
 E - 3 potions of flight
 K - 3 potions of berserk rage
 L - a potion of experience {unknown}
 O - a potion of might
Miscellaneous
 P - a lightning rod (4/4)
 Y - a box of beasts
Comestibles
 f - 17 rations


   Skills:
 + Level 9.0 Fighting
 * Level 12.2 Polearms
 + Level 7.0 Throwing
 + Level 9.3 Armour
 * Level 12.3 Shields
 - Level 4.1 Spellcasting
 + Level 10.2 Invocations
 + Level 4.1 Evocations


You had 20 spell levels left.
You knew the following spells:

 Your Spells              Type           Power        Failure   Level  Hunger
a - Summon Small Mammal   Summ           #...         95%         1    None

Your spell library contained the following spells:

 Spells                   Type           Power        Failure   Level  Hunger
 Magic Dart               Conj           #...         95%         1    None
 Blink                    Tloc           N/A          99%         2    ##.....
 Call Imp                 Summ           #.......     99%         2    ##.....
 Slow                     Hex            #.......     99%         2    ##.....
 Call Canine Familiar     Summ           #.......     100%        3    ###....
 Conjure Flame            Conj/Fire      #.......     100%        3    ###....
 Mephitic Cloud           Conj/Pois/Air  #.......     100%        3    ###....
 Summon Guardian Golem    Hex/Summ       #.......     100%        3    ###....
 Summon Ice Beast         Ice/Summ       #.......     100%        4    ####...
 Summon Lightning Spire   Summ/Air       #.......     100%        4    ####...


Dungeon Overview and Level Annotations

Branches:
Dungeon (12/15)            Temple (1/1) D:4            Lair (6/6) D:11
 Shoals (2/4) Lair:3       Spider (2/4) Lair:3        Slime (0/5) Lair:5
    Orc (2/2) D:12         Bailey (visited)
    Elf: Orc:2

Altars:
Ashenzari
Cheibriados
Dithmenos
Elyvilon
Fedhas
Gozag
Hepliaklqana
Kikubaaqudgha
Makhleb
Nemelex Xobeh
Okawaru
Qazlal
Ru
Sif Muna
Trog
Uskayaw
Vehumet
Wu Jian
Xom
Yredelemnul
Zin
The Shining One
Beogh

Shops:
D:7 !   D:9 =   Orc:1 =   Shoals:2 *

Annotations:
D:10 Nergalle
Lair:6 2 runed translucent doors
Shoals:2 3 runed translucent doors, exclusion: obsidian statue, Wecaes's ghost, journeyman HOFE
Spider:2 Arachne


Innate Abilities, Weirdness & Mutations

You have sharp toenails.
You are completely covered in slimy green scales. (AC +4, rPois)
A weak demonic guardian rushes to your aid.
When hurt, damage is shared between your health and your magic reserves.
You regenerate magic rapidly.


Message History

The water nymph is severely wounded.
You block the water nymph's attack.
You puncture the water nymph! You freeze the water nymph.
You kill the water nymph!
Qazlal accepts your kill.
Your Fighting skill increases to level 9!
You hear a bleat!
A wind drake is nearby!
You feel much better. The wind drake flaps its wings at you.
The air twists around and strikes you!!
* * * LOW HITPOINT WARNING * * *
The wind drake is engulfed in freezing vapours.
The wind drake exhales a fierce blast of wind!
You are blown backwards!
Your shadow imp and your ufetubus are blown away by the wind.
The alligator snapping turtle hisses angrily.
The wind drake flaps its wings at you. The air twists around and strikes you!!
You die...

.......≈≈ ∩8.##≈≈≈≈≈≈≈≈≈≈≈≈≈
....≈..≈≈#t$$$.#≈≈≈≈≈≈≈≈≈≈≈≈≈
.........#8..$$+≈≈≈≈≈(.≈≈≈≈≈≈
≈≈.......#∩$8E$+..≈.....≈≈≈≈≈
..##.....# $$.$+........≈≈≈≈≈
...##...≈# ..$$#.....%.≈≈≈≈≈≈
≈≈.......## 8.##..○..[≈≈≈≈≈≈≈
..........#####.....<.≈≈≈≈≈≈≈
..##.....°k...5.@.)...≈≈≈≈≈≈≈
..........#...≈.......≈≈≈≈≈≈≈
)...≈.....#...○○≈......≈≈≈≈≈≈
##.≈......###.≈≈≈≈)≈≈≈≈≈≈≈≈≈≈
#(≈..##..# #.5≈≈≈≈(≈≈≈≈≈≈≈≈≈
#.≈≈≈..#..###...≈≈≈()≈..^..≈≈
..≈≈≈≈........≈≈≈≈≈÷≈≈##(....
≈≈≈≈≈≈..≈≈≈≈≈≈≈≈≈(≈≈≈≈######.
≈≈≈≈..≈≈≈≈≈≈≈≈≈≈)$≈≈[≈...#


You could see an alligator snapping turtle, an obsidian statue, a wind drake, a
water elemental, a friendly shadow imp and a friendly ufetubus.

Vanquished Creatures
  An entropy weaver (Spider:1)
  A merfolk impaler (Shoals:2)
  Fannar (D:12)
  2 hydras
  A merfolk avatar (Shoals:2)
  A merfolk aquamancer (Shoals:1)
  4 two-headed ogres
  An orc high priest (Orc:1)
  Sonja (Lair:2)
  A lindwurm (Lair:4)
  An ugly thing (D:10)
  4 orb spiders (Spider:1)
  6 wolf spiders
  An orc sorcerer (Orc:1)
  A cyclops (Shoals:2)
  4 fauns
  2 manticores (Shoals:1)
  2 merfolk sirens (Shoals:2)
  3 black mambas (Lair:3)
  3 water nymphs
  A gargoyle (D:12)
  5 spiny frogs
  3 rime drakes
  3 demonic crawlers (Spider:1)
  4 komodo dragons
  19 jumping spiders
  A wind drake (Shoals:1)
  2 trolls
  5 merfolk
  A polar bear (Lair:5)
  3 blink frogs (Lair:3)
  4 hornets
  4 snapping turtles
  A hippogriff (shapeshifter) (D:9)
  4 hippogriffs
  30 redbacks
  4 water elementals (Shoals:1)
  A shadow (D:11)
  14 yaks
  6 tarantellas
  A wyvern (Lair:4)
  A basilisk (Lair:3)
  A vampire mosquito (D:9)
  2 hungry ghosts
  A warg (D:12)
  7 water moccasins
  14 porcupines
  4 ice beasts
  2 black bears
  10 orc warriors
  2 sky beasts
  5 phantoms
  2 eyes of draining (D:11)
  A necrophage (D:9)
  12 ogres
  7 centaurs
  4 crocodiles
  10 wolves
  A big kobold (D:9)
  15 bullfrogs
  A gnoll sergeant (D:10)
  4 scorpions
  6 killer bees
  A howler monkey (D:9)
  A centaur zombie (D:8)
  5 crimson imps
  7 hounds
  5 centaur skeletons
  8 orc priests
  5 jellies
  5 iguanas
  11 orc wizards
  12 worker ants
  2 worker ant zombies
  21 gnolls
  2 howler monkey skeletons
  13 adders
  2 river rats
  6 shadow imps
  6 oozes
  2 adder skeletons
  12 worms
  A dart slug (D:1)
  5 leopard geckos
  42 orcs
  5 giant cockroaches
  11 hobgoblins
  15 jackals
  2 quokkas
  10 bats
  11 frilled lizards
  10 goblins
  21 kobolds
  2 quokka skeletons
  A quokka zombie (D:4)
  12 rats
  2 fungi (D:11)
  A plant (D:11)
546 creatures vanquished.

Vanquished Creatures (collateral kills)
  Josephine (D:9)
  2 hydras
  A sea snake (Shoals:1)
  An ugly thing (D:12)
  A manticore (Shoals:1)
  3 spiny frogs (Lair:5)
  A komodo dragon (Lair:5)
  A troll (D:9)
  A wind drake (Shoals:2)
  A hippogriff (Lair:3)
  A redback (Spider:1)
  2 water elementals (Shoals:1)
  A wyvern (Lair:2)
  3 yaks
  A hungry ghost (D:11)
  A porcupine (D:11)
  A sky beast (D:9)
  3 ogres
  2 centaurs (Lair:3)
  4 bullfrogs
  A scorpion (D:4)
  2 killer bees
  A jelly (D:9)
  2 hounds
  A gnoll shaman (D:4)
  An orc priest (D:5)
  A hound zombie (D:8)
  4 gnolls
  An ooze (D:4)
  A worm (D:4)
  A leopard gecko (D:4)
  11 orcs
  A jackal (D:4)
  2 kobolds
  A fungus (Lair:1)
63 creatures vanquished.

Vanquished Creatures (others)
  A manticore (Shoals:1)
  A faun (Shoals:1)
  A cyclops (D:12)
  A centaur (D:8)
  An orc (Orc:1)
  2 hobgoblins (Bailey)
  3 kobolds
  8 fungi
  4 plants
  9 tentacles (Shoals:1)
31 creatures vanquished.

Grand Total: 640 creatures vanquished

Notes
Turn   | Place    | Note
-------+----------+-------------------------------------------
     0 | D:1      | marz the Demonspawn Fighter began the quest for the Orb.
     0 | D:1      | Reached XP level 1. HP: 18/18 MP: 1/1
   134 | D:1      | Gained mutation: When hurt, damage is shared between your
                  | health and your magic reserves. [demonic ancestry]
   134 | D:1      | Reached XP level 2. HP: 24/24 MP: 2/2
   455 | D:1      | Reached XP level 3. HP: 29/29 MP: 3/3
   878 | D:2      | Found a snail-covered altar of Cheibriados.
  1279 | D:2      | Found a shattered altar of Ashenzari.
  1314 | D:2      | Found a hide-covered altar of Uskayaw.
  1354 | D:2      | Gained mutation: A weak demonic guardian rushes to your
                  | aid. [demonic ancestry]
  1354 | D:2      | Reached XP level 4. HP: 35/35 MP: 4/4
  2455 | D:3      | Reached XP level 5. HP: 41/41 MP: 5/5
  2508 | D:3      | Found a hide-covered altar of Uskayaw.
  2511 | D:3      | Found a shimmering altar of Xom.
  2511 | D:3      | Found a sacrificial altar of Ru.
  2513 | D:3      | Found an opulent altar of Gozag.
  2513 | D:3      | Found a shimmering blue altar of Sif Muna.
  2513 | D:3      | Found a hazy altar of Hepliaklqana.
  3220 | D:4      | Noticed an ogre
  3226 | D:4      | Killed an ogre
  3330 | D:4      | Gained mutation: You are partially covered in slimy green
                  | scales. (AC +2) [demonic ancestry]
  3330 | D:4      | Reached XP level 6. HP: 33/48 MP: 4/6
  4072 | D:4      | Found a staircase to the Ecumenical Temple.
  4087 | Temple   | Entered the Ecumenical Temple
  4122 | Temple   | Became a worshipper of Qazlal Stormbringer
  4348 | D:4      | Gained mutation: You are mostly covered in slimy green
                  | scales. (AC +3) [demonic ancestry]
  4348 | D:4      | Reached XP level 7. HP: 50/54 MP: 7/7
  4558 | D:4      | Reached skill level 5 in Polearms
  4558 | D:4      | Reached skill level 1 in Spellcasting
  4585 | D:4      | Learned a level 1 spell: Summon Small Mammal
  4749 | D:5      | Entered Level 5 of the Dungeon
  5005 | D:5      | Found a white marble altar of Elyvilon.
  6409 | D:6      | Reached skill level 5 in Shields
  6409 | D:6      | Gained mutation: You are completely covered in slimy green
                  | scales. (AC +4, rPois) [demonic ancestry]
  6409 | D:6      | Reached XP level 8. HP: 54/60 MP: 8/12
  6477 | D:6      | Noticed a moth of wrath
  6480 | D:6      | Found a bloodstained altar of Trog.
  7272 | D:7      | Found a flagged portal.
  7283 | Bailey   | Entered a bailey
  7489 | Bailey   | Reached * piety under Qazlal
  7886 | D:7      | Found Lageg's Distillery.
  7912 | D:7      | Bought a potion of heal wounds for 60 gold pieces
  7912 | D:7      | Bought a potion of heal wounds for 60 gold pieces
  7993 | D:7      | Found a hazy altar of Hepliaklqana.
  7993 | D:7      | Found a sparkling altar of Nemelex Xobeh.
  8144 | D:7      | Reached skill level 5 in Armour
  8981 | D:7      | Reached XP level 9. HP: 46/65 MP: 15/15
  8982 | D:7      | Reached ** piety under Qazlal
  9597 | D:8      | Reached skill level 1 in Invocations
  9770 | D:9      | Noticed a troll
  9781 | D:9      | Killed a troll
  9781 | D:9      | Noticed a two-headed ogre
  9871 | D:9      | Reached skill level 1 in Throwing
  9894 | D:9      | Got a warped leather armour
 10148 | D:9      | Found Goc Sot's Jewellery Emporium.
 10559 | D:9      | Gained mutation: You regenerate magic rapidly. [demonic
                  | ancestry]
 10559 | D:9      | Reached XP level 10. HP: 45/73 MP: 14/16
 10812 | D:9      | Reached *** piety under Qazlal
 10934 | D:9      | Identified the cursed +1 long sword of Purpose {drain, rF-
                  | rC+ Dex+7}
 11535 | D:9      | Identified the cursed +3 flail "Hihim" {chaos, Int+3 Dex-4
                  | Stlth+}
 11535 | D:9      | Identified the cursed +1 scale mail of Tender Moments
                  | {Slay+3}
 11605 | D:9      | Noticed a two-headed ogre
 11689 | D:9      | Killed a two-headed ogre
 11689 | D:9      | Reached skill level 5 in Fighting
 11883 | D:9      | Killed a two-headed ogre
 11966 | D:10     | Entered Level 10 of the Dungeon
 11980 | D:10     | Noticed Nergalle
 12137 | D:11     | Noticed a two-headed ogre
 12290 | D:10     | Noticed a purple ugly thing
 12314 | D:10     | Killed a purple ugly thing
 12314 | D:10     | Reached **** piety under Qazlal
 12359 | D:10     | Noticed Josephine
 12373 | D:9      | Killed Josephine
 12862 | D:11     | Killed a two-headed ogre
 12862 | D:11     | Reached XP level 11. HP: 59/81 MP: 0/17
 12873 | D:11     | Reached skill level 5 in Invocations
 13505 | D:11     | Found a staircase to the Lair.
 13650 | Lair:1   | Entered Level 1 of the Lair of Beasts
 14098 | Lair:1   | Noticed an eight-headed hydra
 14168 | Lair:1   | Killed an eight-headed hydra
 15121 | Lair:2   | Got a pair of jewelled boots
 15127 | Lair:2   | Identified the +3 pair of boots of Altruism {-Cast +Fly rC+
                  | Int+10} (You found it on level 2 of the Lair of Beasts)
 15416 | Lair:2   | Identified a scroll of acquirement
 15647 | Lair:2   | Noticed Sonja
 15652 | Lair:2   | Killed Sonja
 16162 | Lair:3   | Reached XP level 12. HP: 79/89 MP: 18/18
 16184 | Lair:3   | Reached skill level 10 in Shields
 16276 | Lair:3   | Reached skill level 10 in Polearms
 16757 | Lair:3   | Found a hole to the Spider Nest.
 16889 | Lair:3   | Found a staircase to the Shoals.
 17710 | Lair:4   | Noticed a four-headed hydra
 17892 | Lair:4   | Noticed a four-headed hydra
 17923 | Lair:4   | Killed a four-headed hydra
 18150 | Lair:4   | Killed a four-headed hydra
 18673 | Lair:5   | Reached skill level 5 in Throwing
 18678 | Lair:5   | You fall into a shaft and drop 1 floor!
 18678 | Lair:6   | Entered Level 6 of the Lair of Beasts
 18678 | Lair:6   | Found a large runed translucent door.
 18678 | Lair:6   | Found a large runed translucent door.
 18685 | Lair:6   | Noticed a fire dragon
 18693 | Lair:6   | Noticed a death yak
 18696 | Lair:6   | Noticed a death yak
 18705 | Lair:6   | Noticed a death yak
 18706 | Lair:6   | Noticed a death yak
 18714 | Lair:6   | Noticed a death yak
 18718 | Lair:6   | Noticed an eight-headed hydra
 18765 | Lair:5   | Noticed a seven-headed hydra
 18769 | Lair:5   | Reached ***** piety under Qazlal
 18793 | Lair:5   | Killed a seven-headed hydra
 19608 | Lair:5   | Found a staircase to the Slime Pits.
 19969 | D:12     | Noticed Fannar
 19978 | D:12     | Killed Fannar
 20295 | D:12     | Reached XP level 13. HP: 98/98 MP: 19/19
 20584 | D:12     | Found a staircase to the Orcish Mines.
 20993 | D:9      | Bought the ring "Quoskewa" {rF+ SInv} for 434 gold pieces
 21097 | Orc:1    | Entered Level 1 of the Orcish Mines
 21452 | Orc:1    | Found Laaggoul's Jewellery Boutique.
 21723 | Orc:1    | Found a roughly hewn altar of Beogh.
 21959 | Orc:2    | Entered Level 2 of the Orcish Mines
 22038 | Orc:2    | Found a roughly hewn altar of Beogh.
 22266 | Orc:2    | Reached skill level 1 in Evocations
 22576 | Orc:2    | Noticed a stone giant
 22758 | Spider:1 | Entered Level 1 of the Spider Nest
 22866 | Spider:1 | Noticed an entropy weaver
 23320 | Spider:1 | Reached ****** piety under Qazlal
 23348 | Spider:1 | Killed an entropy weaver
 23535 | Spider:1 | Gained mutation: You have sharp toenails. [demonic
                  | ancestry]
 23535 | Spider:1 | Reached XP level 14. HP: 71/106 MP: 21/21
 23939 | Spider:2 | Noticed Arachne
 23983 | Spider:2 | Noticed an entropy weaver
 24100 | Shoals:1 | Entered Level 1 of the Shoals
 24593 | Shoals:1 | Noticed a kraken
 24979 | Shoals:1 | Reached skill level 10 in Invocations
 25493 | Shoals:2 | Found a runed translucent gate.
 25493 | Shoals:2 | Found a runed translucent gate.
 25493 | Shoals:2 | Found an opulent altar of Gozag.
 25493 | Shoals:2 | Found a runed translucent gate.
 25495 | Shoals:2 | Found Ygoix's Assorted Antiques.
 25495 | Shoals:2 | Noticed Wecaes's ghost (journeyman HOFE)
 25839 | Shoals:2 | Killed from afar by a wind drake

Levels and vault maps discovered:
D:1:      lightli_arrival_noodles, layout_rooms, minmay_split_cup_small
D:2:      layout_basic, grunt_temple_overflow_open, lemuel_crystal_altar,
          hangedman_decor_points, kennysheep_generic_room_12
D:3:      layout_loops_cross, lightli_sewer_entry_pipes, serial_bayou_pond_d,
          doesnt_xom_only_xom
D:4:      layout_cave_pools, minmay_temple_entry_waves
D:5:      layout_gridville, elyvilon_altar_4, first_ration
D:6:      layout_loops_ring, tgw_trog
D:7:      layout_loops_ring, overflow_temple_1_default,
          overflow_temple_1_default, enter_bailey_2, serial_shops, shop,
          serial_rivers, chequers_serial_rivers_marsh,
          chequers_serial_rivers_small_3, chequers_serial_rivers_small_3,
          chequers_serial_rivers_micro_c
D:8:      layout_gridville
D:9:      minmay_quarter_circles, layout_loops_ring, serial_shops, shop,
          grunt_ogre_cave
D:10:     layout_roguey [special_room_bee], uniq_joseph, uniq_nergalle,
          uniq_josephine
D:11:     hangedman_cross_stitches, layout_cross, due_lair_maze_entry_diamond
D:12:     layout_basic, minmay_orc_entry_guard_dogs, uniq_fannar
Temple:   minmay_freezing_vapour_temple
Lair:1:   layout_cave_pods, minmay_holes
Lair:2:   layout_cave_pods, gauntlet_entry_generic, uniq_sonja
Lair:3:   layout_cave_pods, minmay_shoals_entry_centaurs,
          spider_nest_entry_rubble, grunt_megastairs_2
Lair:4:   layout_long_grid, serial_bayou_pond_a
Lair:5:   layout_concentric_octagons, nicolae_slime_entry_slimehenge
Lair:6:   cheibrodos_lair_end_hotspot, layout_regular_city, st_stairs_8
Shoals:1: layout_shoals
Shoals:2: layout_shoals, ebering_ghost_gozag
Spider:1: layout_spider_delve
Spider:2: layout_spider_delve, uniq_arachne
Orc:1:    layout_caves, nicolae_orc_rockfall, minmay_shop_enchanted_jewellery,
          kennysheep_orc_chapel
Orc:2:    st_orc_congregation, layout_diamond_mine, basic_altar, serial_shops,
          shop

Skill      XL: |  1  2  3  4  5  6  7  8  9 10 11 12 13 14 |
---------------+-------------------------------------------+-----
Polearms       | 2 3 4 5 6 7 8 9 10 11 12 | 12.2
Shields        | 3 4 5 6 7 8 9 11 12 | 12.3
Armour         | 3 4 5 6 7 8 9 |  9.3
Fighting       | 4 5 6 7 8 9 |  9.0
Spellcasting   | 2 4 |  4.1
Invocations    | 2 4 6 8 9 10 | 10.2
Throwing       | 1 3 4 5 6 7 |  7.0
Evocations     | 3 4 |  4.1

Action                   |  1- 3 |  4- 6 |  7- 9 | 10-12 | 13-15 || total
-------------------------+-------+-------+-------+-------+-------++-------
Melee: Trident           |   186 |   376 |   654 |  1052 |   652 ||  2920
Throw: Dart              |       |       |     2 |     3 |    14 ||    19
       Javelin           |       |       |       |       |     3 ||     3
Invok: Elemental Force   |       |       |       |     3 |     1 ||     4
       Upheaval          |       |       |       |       |     9 ||     9
       Disaster Area     |       |       |       |       |     1 ||     1
Evoke: Wand              |       |     1 |     2 |     4 |    26 ||    33
  Use: Scroll            |       |    11 |     6 |    13 |    10 ||    40
       Potion            |       |     5 |     1 |     1 |    11 ||    18
 Stab: Distracted        |       |       |     2 |     5 |     1 ||     8
       Paralysed         |       |       |       |     1 |       ||     1
  Eat: Chunk             |     2 |     8 |     9 |    16 |     1 ||    36
       Ration            |       |     1 |     3 |     6 |     5 ||    15
Armor: Scale mail        |    60 |       |       |       |       ||    60
       Plate armour      |    30 |   232 |   277 |   337 |   265 ||  1141
Dodge: Dodged            |    44 |    49 |    70 |   102 |    95 ||   360
       Deflected         |       |       |       |     4 |     8 ||    12
Block: Shield            |    95 |   188 |   623 |  1049 |   804 ||  2759
       Reflection        |       |       |    32 |    35 |    51 ||   118
